 Dungeon Crawl Stone Soup version 0.30-a0-355-g4c39ff33d3 (webtiles) character file.

Game seed: 778178357479995891

11713 Falherf the Covert (level 11, -16/53 HPs)
             Began as a Spriggan Enchanter on Nov 8, 2022.
             Was a Priest of Dithmenos.
             Shot with an arrow by an archer statue (27 damage)
             ... on level 10 of the Dungeon.
             The game lasted 00:24:51 (9887 turns).

Falherf the Covert (Spriggan Enchanter)             Turns: 9887, Time: 00:24:57

Health: -16/53     AC:  9    Str:  4    XL:     11   Next: 52%
Magic:  27/27      EV: 22    Int: 22    God:    Dithmenos [***...]
Gold:   590        SH:  0    Dex: 19    Spells: 16/33 levels left

rFire   . . .      SeeInvis +    d - +8 dagger (drain)
rCold   + . .      Faith    .    (no shield)
rNeg    . . .      Spirit   .    y - +1 steam dragon scales
rPois   .          Reflect  .    (helmet restricted)
rElec   .          Harm     .    n - +0 cloak
rCorr   .          Rampage  .    (gloves unavailable)
Will    +....                    (boots unavailable)
Stlth   ++++++++..               j - amulet of the acrobat
HPRegen 0.28/turn                o - +6 ring of intelligence
MPRegen 0.20/turn                (no ring)

@: wreathed by umbra, very quick
A: very small, no large weapons, unfitting armour, see invisible, speed 3,
iridescent scales 1, cold resistance 1, weak 1
a: Renounce Religion, Shadow Step


You were on level 10 of the Dungeon.
You worshipped Dithmenos.
Dithmenos was most pleased with you.
You visited 3 branches of the dungeon, and saw 13 of its levels.

You collected 590 gold pieces.

Inventory:

Hand Weapons
 d - a +8 dagger of draining (weapon)
Missiles
 B - 2 curare-tipped darts (quivered)
Armour
 n - a +0 cloak (worn)
 y - +1 steam dragon scales (worn)
Jewellery
 h - a ring of ice
 j - an amulet of the acrobat (around neck)
 o - a +6 ring of intelligence (left hand)
 r - a ring of ice
 z - a ring of fire
Wands
 b - a wand of charming (4)
 t - a wand of roots (11)
 u - a wand of digging (7)
 w - a wand of flame (10)
Scrolls
 k - 5 scrolls of teleportation
 s - a scroll of magic mapping
 x - 2 scrolls of fear
 A - a scroll of amnesia
Potions
 a - a potion of magic
 c - 3 potions of invisibility
 e - 4 potions of lignification
 f - 4 potions of heal wounds
 g - 4 potions of brilliance
 i - 2 potions of might
 l - 5 potions of curing
 m - a potion of flight
 p - 3 potions of ambrosia
 q - a potion of resistance
 v - 3 potions of haste {unknown}
Miscellaneous
 C - a phantom mirror


   Skills:
 + Level 3.9 Fighting
 + Level 5.4 Short Blades
 + Level 7.1 Dodging
 + Level 14.1 Stealth
 + Level 11.9 Spellcasting
 + Level 12.2 Hexes


You had 16 spell levels left.
You knew the following spells:

 Your Spells              Type           Power      Damage    Failure   Level
a - Ensorcelled Hibernat  Hex/Ice        80%        N/A       1%          2
b - Tukima's Dance        Hex            61%        N/A       1%          3
c - Dazzling Flash        Conj/Hex       80%        N/A       1%          3
d - Confusing Touch       Hex            61%        N/A       1%          3
e - Blink                 Tloc           26%        N/A       8%          2
f - Anguish               Hex/Necr       20%        N/A       4%          4

Your spell library contained the following spells:

 Spells                   Type           Power      Damage    Failure   Level
 Summon Guardian Golem    Hex/Summ       40%        N/A       1%          3
 Beastly Appendage        Tmut           26%        N/A       4%          1
 Momentum Strike          Conj/Tloc      26%        3d8       8%          2
 Wereblood                Tmut           13%        N/A       8%          2
 Summon Mana Viper        Hex/Summ       40%        N/A       11%         5
 Lesser Beckoning         Tloc           26%        N/A       16%         3
 Spider Form              Tmut/Pois      13%        N/A       16%         3
 Summon Forest            Summ/Tloc      6%         N/A       80%         5
 Summon Cactus Giant      Summ           6%         N/A       100%        6
 Orb of Destruction       Conj           6%         9d6       100%        7
 Spellforged Servitor     Conj/Summ      6%         N/A       100%        7


Dungeon Overview and Level Annotations

Branches:
Dungeon (10/15)            Temple (1/1) D:6            Lair (2/5) D:9
  Swamp: Lair:2-3    Shoals: Lair:2-3     Snake: Lair:2-3    Spider: Lair:2-3
    Orc: D:9-12

Altars:
Ashenzari
Cheibriados
Dithmenos
Elyvilon
Hepliaklqana
Kikubaaqudgha
Makhleb
Nemelex Xobeh
Okawaru
Qazlal
Ru
Uskayaw
Wu Jian
Xom
Yredelemnul
Zin
The Shining One

Shops:
D:1 (

Annotations:
D:10 exclusion: 2 statues


Innate Abilities, Weirdness & Mutations

You are very small and have problems with some larger weapons.
You are too small for most types of armour.
You have supernaturally acute eyesight. (SInv)
You cover ground extremely quickly. (Speed+++)
You are partially covered in iridescent scales. (AC +2)
Your flesh is cold resistant. (rC+)
You are weak. (Str -2)


Message History

There is an open door here.
You hit the bush but do no damage. You drain the bush.
The bush is lightly damaged.
You hit the bush. You drain the bush.
The bush is lightly damaged.
The archer statue shoots an arrow.
The arrow hits you.
The archer statue shoots an arrow.
The arrow completely misses you.
You hit the bush but do no damage.
The bush is lightly damaged.
The archer statue shoots an arrow.
The arrow closely misses you.
Unknown command.
The archer statue shoots an arrow.
The arrow hits you!
The archer statue shoots an arrow.
The arrow completely misses you.
There is an open door here.
Really walk into a travel-excluded area? [Y]es or [N]o only, please.
Really walk into a travel-excluded area? [Y]es or [N]o only, please.
Really walk into a travel-excluded area?
Okay, then.
Unknown command.
Really walk into a travel-excluded area?
You start resting.
HP restored.
Really walk into a travel-excluded area?
Really walk into a travel-excluded area? [Y]es or [N]o only, please.
Really walk into a travel-excluded area?
The archer statue shoots an arrow.
The arrow completely misses you.
The archer statue shoots an arrow.
The arrow hits you!!
There is an open door, spattered with blood here.
The archer statue shoots an arrow.
The arrow hits you.
There is an open door, spattered with blood here.
You hit the bush but do no damage. You drain the bush.
The bush is lightly damaged.
The archer statue shoots an arrow.
The arrow hits you!!
* * * LOW HITPOINT WARNING * * *
The archer statue shoots an arrow.
The arrow hits you!!
Ouch! That really hurt!
You die...

..#.#........'....#
.##.##########....# .##..
.......'....# .####
########....## .#
#......[..# .#
#..#####..### ##
#..#.8.#....#
###.##PPP##.#.# #
##...#)...@'.#.##.# #
##.[#.##PPP##......#
######..##..#$8.#...#####
+......###..#####...#
######.# #.......)..#
..<..#.# ##.........#
.#.#.#.# ###########
...#.#.# ####.#.#


You could see 2 archer statues.

Vanquished Creatures
  2 two-headed ogres
  Urug (D:10)
  Maurice (D:9)
  Joseph (D:8)
  Maggie (D:9)
  A rime drake (D:9)
  3 trolls
  2 hornets
  4 wyverns
  3 yaks (D:9)
  2 steam dragons
  A wraith (D:10)
  Grum (D:8)
  Menkaure (D:7)
  3 water moccasins
  4 orc warriors
  A sky beast (D:8)
  A black bear (D:5)
  8 ice beasts
  9 wolves
  An ogre (D:5)
  5 centaurs
  2 phantoms
  6 bullfrogs
  2 scorpions
  2 necrophages
  8 wights
  6 killer bees (D:9)
  7 howler monkeys
  An electric eel (D:10)
  3 hounds
  6 orc priests
  Crazy Yiuf (D:3)
  4 iguanas
  10 orc wizards
  12 gnolls
  6 adders
  2 white imps
  2 worms
  2 dart slugs
  25 orcs
  3 endoplasms
  8 goblins
  6 hobgoblins
  4 jackals (D:4)
  4 kobolds
  3 quokkas
  6 ball pythons
  5 bats
  A frilled lizard (D:2)
  7 rats
210 creatures vanquished.

Vanquished Creatures (collateral kills)
  12 wights
  3 gnolls
  An orc (D:6)
16 creatures vanquished.

Vanquished Creatures (others)
  5 dancing weapons
  An orc (D:8)
  9 plants (D:5)
15 creatures vanquished.

Grand Total: 241 creatures vanquished

Notes
Turn   | Place    | Note
-------+----------+-------------------------------------------
     0 | D:1      | Falherf the Spriggan Enchanter began the quest for the Orb.
     0 | D:1      | Reached XP level 1. HP: 9/9 MP: 5/5
   189 | D:1      | Found Roinkaotte's Antique Weapon Boutique.
   210 | D:1      | Reached XP level 2. HP: 7/13 MP: 7/7
   213 | D:1      | Learned a level 2 spell: Ensorcelled Hibernation
  1231 | D:2      | Gained mutation: You are weak. (Str -2) [potion of
                  | mutation]
  1231 | D:2      | Gained mutation: Your flesh is cold resistant. (rC+)
                  | [potion of mutation]
  1231 | D:2      | Gained mutation: You are partially covered in iridescent
                  | scales. (AC +2) [potion of mutation]
  1288 | D:2      | Reached XP level 3. HP: 16/16 MP: 9/9
  1584 | D:2      | Learned a level 3 spell: Tukima's Dance
  1588 | D:2      | Learned a level 3 spell: Confusing Touch
  1819 | D:3      | Reached skill level 5 in Hexes
  1819 | D:3      | Reached XP level 4. HP: 13/21 MP: 1/11
  2244 | D:3      | Found a shimmering altar of Xom.
  2500 | D:3      | Learned a level 3 spell: Dazzling Flash
  2578 | D:3      | Found a runed translucent door.
  2579 | D:3      | Noticed Crazy Yiuf
  2868 | D:3      | Killed Crazy Yiuf
  2869 | D:3      | Reached skill level 5 in Spellcasting
  2869 | D:3      | Reached XP level 5. HP: 24/24 MP: 5/13
  3133 | D:4      | Found a snail-covered altar of Cheibriados.
  3228 | D:4      | You fall into a shaft and drop 2 floors!
  3263 | D:6      | Noticed an ice beast
  3283 | D:6      | Reached XP level 6. HP: 28/28 MP: 6/15
  3367 | D:5      | Entered Level 5 of the Dungeon
  3462 | D:5      | Reached skill level 5 in Stealth
  3465 | D:5      | Noticed a wyvern
  3474 | D:5      | Killed a wyvern
  3475 | D:5      | Reached skill level 6 in Stealth
  3475 | D:5      | Reached XP level 7. HP: 32/32 MP: 14/17
  3624 | D:4      | Reached skill level 7 in Stealth
  4614 | D:5      | Reached XP level 8. HP: 36/36 MP: 16/20
  4732 | D:5      | Reached skill level 8 in Stealth
  5030 | D:6      | Found a staircase to the Ecumenical Temple.
  5113 | Temple   | Entered the Ecumenical Temple
  5124 | Temple   | Became a worshipper of Dithmenos the Shadowed
  5605 | D:7      | Reached skill level 9 in Stealth
  5610 | D:7      | Found a hide-covered altar of Uskayaw.
  5780 | D:7      | Reached skill level 10 in Stealth
  5797 | D:7      | Reached XP level 9. HP: 33/39 MP: 19/23
  5826 | D:7      | Learned a level 2 spell: Blink
  5831 | D:7      | Learned a level 4 spell: Anguish
  5893 | D:7      | Noticed Menkaure
  5908 | D:7      | Killed Menkaure
  6144 | D:7      | Reached skill level 11 in Stealth
  6145 | D:7      | Reached skill level 10 in Hexes
  6293 | D:8      | Noticed Joseph
  6304 | D:8      | Reached * piety under Dithmenos
  6361 | D:8      | Noticed Grum
  6366 | D:8      | Killed Grum
  6367 | D:8      | Reached skill level 10 in Spellcasting
  6454 | D:8      | Reached skill level 12 in Stealth
  6529 | D:8      | Identified the +5 leather armour of the Jackalope {Harm rF-
                  | Str+9}
  6613 | D:8      | Noticed a two-headed ogre
  6623 | D:8      | Killed a two-headed ogre
  6624 | D:8      | Reached skill level 1 in Fighting
  6624 | D:8      | Reached XP level 10. HP: 19/45 MP: 19/25
  6718 | D:8      | Found an iron altar of Okawaru.
  6736 | D:8      | Found a sparkling altar of Nemelex Xobeh.
  6769 | D:8      | Killed Joseph
  7783 | D:9      | Reached skill level 5 in Dodging
  7783 | D:9      | Reached skill level 13 in Stealth
  7785 | D:9      | Reached ** piety under Dithmenos
  7800 | D:9      | Found a staircase to the Lair.
  7835 | Lair:1   | Entered Level 1 of the Lair of Beasts
  8197 | Lair:1   | Reached XP level 11. HP: 52/52 MP: 23/27
  8336 | D:9      | Reached *** piety under Dithmenos
  8339 | D:9      | Noticed Maurice
  8378 | D:9      | Killed Maurice
  9122 | D:9      | Noticed Maggie
  9131 | D:9      | Killed Maggie
  9132 | D:9      | Reached skill level 5 in Short Blades
  9244 | D:10     | Entered Level 10 of the Dungeon
  9248 | D:10     | Noticed a two-headed ogre
  9250 | D:10     | Killed a two-headed ogre
  9254 | D:10     | Found an ornate altar of the Wu Jian Council.
  9273 | D:10     | Reached skill level 14 in Stealth
  9502 | D:10     | Noticed Urug
  9507 | D:10     | Killed Urug
  9802 | D:10     | Noticed an archer statue
  9804 | D:10     | Noticed an archer statue
  9887 | D:10     | Shot with an arrow by an archer statue

Illustrated notes

Levels and vault maps discovered:
D:1:      mushboom_english_gardens, layout_loops_ring, serial_shops,
          nicolae_shop_statue_plus, minmay_hedge_maze
D:2:      layout_loops_ring
D:3:      layout_basic, tgw_xom, uniq_crazy_yiuf_cottage
D:4:      cheibrodos_quashed, layout_basic, overflow_temple_1_default,
          dk_noncrumbling_2
D:5:      layout_rooms, serial_bayou, serial_bayou_lake_a, serial_bayou_ford_a,
          serial_bayou_lagoon_a, serial_bayou_pond_e, nrook_loot_triangle
D:6:      layout_cave_pools, minmay_temple_entry_metal_lava,
          amcnicky_mini_pool_small
D:7:      layout_basic, mainiacjoe_overflow_boulevard, uniq_menkaure
D:8:      layout_loops_ring, jmf_multi_god_temple, uniq_grum, uniq_joseph
D:9:      layout_basic, hellmonk_lair_entry_icy, minmay_misc_feat_nine_boxes,
          reono_crystal_passage, grunt_decor_mini_mirrors, grunt_ministairs_11,
          uniq_maurice, uniq_maggie
D:10:     layout_basic, pdpol_wu_jian_five_deadly_venoms, david_orc_4,
          minmay_dual_archer_statues, uniq_urug
Temple:   compressed_dpeg_triangle_lava_temple
Lair:1:   minmay_guarded_unrand_snakebite, layout_regular_city,
          grunt_forest_large_clearings
Lair:2:   layout_hall_layers, basic_altar, serial_bayou_pond_e,
          cheibrodos_lair_reptile_den, lemuel_fruit_fields

Skill      XL: |  1  2  3  4  5  6  7  8  9 10 11 |
---------------+----------------------------------+-----
Spellcasting   | 3 4 5 6 7 9 10 11 | 11.9
Hexes          | 4 5 6 8 9 10 11 12 | 12.2
Stealth        | 6 7 10 12 13 14 | 14.1
Dodging        | 3 5 7 |  7.1
Fighting       | 1 3 |  3.9
Short Blades   | 2 4 5 |  5.4

Action                   |  1- 3 |  4- 6 |  7- 9 | 10-12 || total
-------------------------+-------+-------+-------+-------++-------
Melee: Dagger            |    85 |    59 |   211 |   233 ||   588
       Punch             |     1 |       |       |     4 ||     5
 Cast: Ensorcelled Hiber |     5 |    17 |    45 |    30 ||    97
       Tukima's Dance    |     2 |     4 |    19 |    18 ||    43
       Confusing Touch   |     1 |     1 |    12 |     9 ||    23
       Dazzling Flash    |       |       |     2 |     2 ||     4
Evoke: Wand              |       |       |       |     1 ||     1
  Use: Scroll            |    10 |     5 |     4 |    10 ||    29
       Potion            |     1 |       |       |     1 ||     2
 Stab: Sleeping          |    14 |    18 |    34 |    41 ||   107
       Confused          |     1 |       |     7 |     9 ||    17
Armor: Robe              |     7 |     6 |    34 |     1 ||    48
       Steam dragon scal |       |       |       |    21 ||    21
Dodge: Dodged            |    50 |    44 |   201 |   197 ||   492

Table legend: (Time is in decaauts)
 A = Elapsed time spent in this place.
 B = Non-inter-level travel time spent in this place.
 C = Inter-level travel time spent in this place.
 D = Time resting spent in this place.
 E = Time spent auto-exploring this place.
 F = Levels seen in this place.
 G = Mean time per level.
                   A        B        C        D        E       F      G
               +--------+--------+--------+--------+--------+-----+--------+
         Total |   7349 |   7142 |    207 |    728 |   4622 |  13 |  565.3 |
       Dungeon |   7016 |   6815 |    201 |    546 |   4618 |  10 |  701.6 |
        Temple |     13 |      7 |      6 |      0 |      0 |   1 |   13.0 |
          Lair |    319 |    319 |      0 |    182 |      4 |   2 |  159.5 |
               +--------+--------+--------+--------+--------+-----+--------+

Top non-repeatable levels by time:
     D:8: 1007 daAuts
     D:3: 955 daAuts
     D:9: 950 daAuts
     D:6: 669 daAuts
     D:2: 654 daAuts
     D:4: 643 daAuts
     D:5: 631 daAuts
     D:7: 517 daAuts
     D:1: 511 daAuts
    D:10: 474 daAuts
  Lair:1: 298 daAuts
  Lair:2: 20 daAuts
  Temple: 13 daAuts
